 Dungeon Crawl Stone Soup version 0.31-a0-325-g067879e3d3 (webtiles) character file.

Game seed: 9707499233013607573

3415 AIAndy the Grappler (level 10, -7/51 HPs)
             Began as an Octopode Shapeshifter on July 18, 2023.
             Was an Elder of Makhleb.
             Killed from afar by a rime drake (22 damage)
             ... with an icy flash freeze
             ... on level 8 of the Dungeon.
             The game lasted 00:41:24 (7155 turns).

AIAndy the Grappler (Octopode Shapeshifter)         Turns: 7155, Time: 00:41:25

Health: -7/51      AC:  1    Str: 21    XL:     10   Next: 5%
Magic:  16/16      EV: 13    Int: 20    God:    Makhleb [****..]
Gold:   428        SH:  0    Dex: 13    Spells: 9/9 levels left

rFire   + .          .
                       - Unarmed
rCold   + + .        (no shield)
rNeg    . . .        (helmet restricted)
rPois   +            (no amulet)
rElec   .            S - +6 ring of strength
rCorr   .            P - ring of poison resistance
SInv    +            C - ring of protection from cold
Will    +....        c - ring of protection from cold
Stlth   ++           v - ring of see invisible
HPRegen 0.28/turn    t - ring of willpower
MPRegen 0.15/turn    f - ring "Footoh Lasm" {Drain rPois rF+ Str-3 Int+9}
                     (no ring)

%: no passive effects
@: maw-form, studying Throwing
A: devouring maw, reduced hp, almost no armour, amphibious, 8 rings, camouflage
1, gelatinous body 1, (nimble swimmer 1), tentacles
a: Begin Untransformation, Renounce Religion, Minor Destruction, Lesser Servant
of Makhleb, Major Destruction


You were on level 8 of the Dungeon.
You worshipped Makhleb.
Makhleb was greatly pleased with you.
You were a creature with a mouth for a stomach.
You visited 1 branch of the dungeon, and saw 10 of its levels.

You collected 428 gold pieces.


Innate Abilities, Weirdness & Mutations

You are a creature with a mouth for a stomach.
Your midsection houses a second, enormous mouth.
Your maximum health is decreased, since you lack skill for your form.
You cannot wear most types of armour.
You are amphibious.
You can wear up to eight rings at the same time.
Your skin changes colour to match your surroundings (Stealth+).
Your rubbery body absorbs attacks. (AC +1, EV +1)
((You are camouflaged when in or above water. (Stealth+)))
You have tentacles for arms and can constrict up to eight enemies at once.


   Skills:
 - Level 2.0 Fighting
 - Level 2.0 Dodging
 - Level 8.5 Unarmed Combat
 - Level 8.2 Invocations
 + Level 7.6 Shapeshifting


You had 9 spell levels left.
You didn't know any spells.
Your spell library contained the following spells:

 Spells                   Type           Power      Damage    Failure   Level
 Magic Dart               Conj           0%         1d3       19%         1
 Cigotuvi's Dreadful Rot  Necr/Pois/Air  0%         N/A       28%         2
 Ensorcelled Hibernation  Hex/Ice        0%         N/A       28%         2
 Passwall                 Tmut/Erth      0%         N/A       28%         2
 Searing Ray              Conj           0%         2d4       28%         2
 Ignite Poison            Fire/Tmut/Pois 0%         N/A       50%         3
 Swiftness                Air            0%         N/A       50%         3
 Fulminant Prism          Conj/Hex       0%         3d5       88%         4
 Sticky Flame             Conj/Fire      0%         2d3       88%         4
 Freezing Cloud           Conj/Ice/Air   0%         6-21      99%         5
 Ignition                 Fire           0%         3d3       100%        8

Inventory:

Missiles
 n - 9 poisoned darts
 x - 3 silver boomerangs
 y - 4 silver javelins
Magical Staves
 z - a staff of fire
Jewellery
 c - a ring of protection from cold (on tentacle)
 f - the ring "Footoh Lasm" (on tentacle) {Drain rPois rF+ Str-3 Int+9}
   (You acquired it on level 7 of the Dungeon)

   [ring of protection from fire]

   Str:       It affects your strength (-3).
   Int:       It affects your intelligence (+9).
   rF:        It protects you from fire.
   rPois:     It protects you from poison.
   Drain:     It drains your maximum health when unequipped.
 t - a ring of willpower (on tentacle)
 v - a ring of see invisible (on tentacle)
 C - a ring of protection from cold (on tentacle)
 P - a ring of poison resistance (right tentacle)
 S - a +6 ring of strength (left tentacle)
Talismans
 b - a beast talisman
 B - a maw talisman
Wands
 s - a wand of paralysis (9)
 w - a wand of acid (16)
 A - a wand of flame (10)
Scrolls
 h - 2 scrolls of immolation {!r}
 i - 7 scrolls of teleportation {@r4}
 l - 2 scrolls of enchant armour {unknown}
 o - 2 scrolls of brand weapon
 p - a scroll of fog {unknown}
 q - 2 scrolls of vulnerability {unknown}
 r - a scroll of silence {unknown}
 u - a scroll of amnesia {unknown}
Potions
 a - 2 potions of lignification {!q}
 d - a potion of ambrosia
 e - 4 potions of mutation {!q}
 g - a potion of cancellation
 j - 4 potions of curing {@q1}
 k - 5 potions of might
 m - a potion of attraction {!q}

Dungeon Overview and Level Annotations

Branches:
Dungeon (10/15)            Temple (0/1) D:7
   Lair: D:8-11         Orc: D:9-12

Altars:
Dithmenos
Makhleb
Nemelex Xobeh

Shops:
D:6 (

Annotations:
D:3 2 transporters, IndexError's ghost, weakling TrSh

....##....##.#..........
.............#.....##'##
.#~...........#.....#...+
..............#.....#...#
..............#.....#...#
.....#Y.......#.....#...#
......3.......#.....#...#
...###kh####.#.....#####
######.W### #........
..........# #........
..........# #........
..........# #........
.....#....# ####........
.........####........###
##+####.....'.>......'..
.....###....#........#..
....####....#........#..


You could see a rime drake (catching breath), an ice beast, a wolf (ally target)
and a friendly neqoxec (summoned).


Message History

You don't know any spells.
You barely miss the wolf. Your grab misses the wolf.
You squeeze the wolf, but do no damage. The wolf bites you!
An ice beast comes into view.
You closely miss the wolf. Your grab misses the wolf.
You tentacle-slap the wolf! You bite the wolf.
The wolf is heavily wounded.
The wolf misses you.
Use which ability? (? or * to list)
The wolf misses you. The wolf bites you.
* * * LOW HITPOINT WARNING * * *
The wolf closely misses you.
Your neqoxec hits the rime drake! The wolf attacks as you move away!
The wolf barely misses you.
Your neqoxec hits the rime drake. The wolf bites you.
* * * LOW HITPOINT WARNING * * *
You tentacle-slap the wolf. Your grab misses the wolf.
Your squeeze misses the wolf.
The wolf is severely wounded.
The rime drake closely misses you. The wolf barely misses you.
You miss the wolf. Your grab misses the wolf.
The wolf is severely wounded.
The wolf misses you.
Your neqoxec hits the rime drake. The rime drake bites you.
* * * LOW HITPOINT WARNING * * *
You barely miss the wolf. Your grab misses the wolf. You bite the wolf.
The wolf is almost dead.
The wolf misses you. The rime drake breathes ice at you.
The icy flash freeze hits you!! You partially resist.
You die...

Skill      XL: |  1  2  3  4  5  6  7  8  9 |
---------------+----------------------------+-----
Unarmed Combat | 3 4 5 6 8 |  8.5
Invocations    | 1 2 3 4 6 8 |  8.2
Shapeshifting  | 4 5 6 7 |  7.6
Fighting       | |  2.0
Dodging        | |  2.0

Action                     |  1- 3 |  4- 6 |  7- 9 | 10-12 || total
---------------------------+-------+-------+-------+-------++-------
  Melee: Unarmed           |    53 |   104 |   125 |     8 ||   290
         Tentacles         |    12 |    20 |    25 |     3 ||    60
         Constrict         |    12 |    25 |    34 |     1 ||    72
         Punch             |       |     4 |     9 |     3 ||    16
         Maw               |       |       |     4 |     2 ||     6
 Invoke: Minor Destruction |       |     2 |   127 |     2 ||   131
         Lesser Servant of |       |       |     2 |     1 ||     3
    Use: Scroll            |       |     6 |     9 |       ||    15
         Potion            |       |       |     1 |       ||     1
   Stab: Sleeping          |     3 |    10 |     6 |       ||    19
         Distracted        |       |       |     1 |       ||     1
 Armour: Skin              |     4 |     7 |     1 |       ||    12
  Dodge: Dodged            |    40 |    38 |    41 |    12 ||   131
   Form: Maw               |       |       |     1 |       ||     1

Levels and vault maps discovered:
D:1:      lightli_arrival_maybe_door_vault, layout_loops_cross,
          shapermc_ecumenical_altar_notcrosses
D:2:      layout_rooms, uniq_sigmund, uniq_terence
D:3:      layout_basic, mainiacjoe_overflow_brackets, gammafunk_ghost_smash,
          kennysheep_generic_room_7, uniq_grinder
D:4:      layout_rooms, mainiacjoe_overflow_surrounded_room,
          mainiacjoe_overflow_tiny_flanked
D:5:      layout_basic, grunt_ministairs_14, uniq_menkaure
D:6:      layout_cave_pools, serial_shops, shop
D:7:      layout_cave_pods, minmay_temple_entry_waves, serial_column_ruins,
          column_ruins_hut_ruined, column_ruins_open_tiny,
          column_ruins_open_small, column_ruins_open_small, column_ruins_grid_2,
          column_ruins_grid_2, column_ruins_columns_straight,
          column_ruins_grid_3, nicolae_houndstooth_variations
D:8:      cheibrodos_elevator_heist, layout_gridville, hellmonk_lair_entry_icy,
          minmay_quadrilaterals
D:9:      layout_loops_cross, tgw_sif, hiddenorc2_lemuel, serial_shops,
          nicolae_shop_pleasant_corner_grove, hangedman_decor_push, minivault_8
D:10:     layout_grid_maze, enter_bailey_5

Notes
Turn   | Place    | Note
-------+----------+-------------------------------------------
     0 | D:1      | AIAndy the Octopode Shapeshifter began the quest for the
                  | Orb.
     0 | D:1      | Reached XP level 1. HP: 14/14 MP: 1/1
   138 | D:1      | Reached XP level 2. HP: 8/19 MP: 2/2
   227 | D:1      | Found a faded altar of an unknown god.
   330 | D:1      | Prayed at the altar of an unknown god.
   330 | D:1      | Became a worshipper of Makhleb the Destroyer
   330 | D:1      | Reached * piety under Makhleb
   712 | D:2      | Noticed Sigmund
   715 | D:2      | Reached XP level 3. HP: 17/24 MP: 3/3
   809 | D:2      | Noticed Terence
   830 | D:2      | Killed Terence
   831 | D:2      | Reached skill level 3 in Unarmed Combat
   988 | D:2      | Reached XP level 4. HP: 26/29 MP: 4/4
  1056 | D:2      | Reached ** piety under Makhleb
  1233 | D:3      | Reached skill level 1 in Invocations
  1280 | D:3      | Reached XP level 5. HP: 34/34 MP: 5/5
  1287 | D:3      | Reached skill level 4 in Shapeshifting
  1632 | D:3      | Found a sparkling altar of Nemelex Xobeh.
  1779 | D:3      | Found a transporter.
  1779 | D:3      | Noticed IndexError's ghost (weakling TrSh)
  1779 | D:3      | Noticed an ogre
  1780 | D:3      | Found a transporter.
  1784 | D:3      | Noticed Grinder
  2194 | D:3      | Noticed an ogre
  2249 | D:4      | Reached skill level 4 in Unarmed Combat
  2307 | D:4      | Found a burning altar of Makhleb.
  2311 | D:4      | Reached skill level 2 in Invocations
  2321 | D:4      | Noticed a black bear
  2341 | D:4      | Reached *** piety under Makhleb
  2417 | D:4      | Reached XP level 6. HP: 34/39 MP: 7/7
  2506 | D:4      | Found a shadowy altar of Dithmenos.
  2684 | D:4      | Reached skill level 3 in Invocations
  2795 | D:5      | Entered Level 5 of the Dungeon
  2834 | D:5      | Reached XP level 7. HP: 9/45 MP: 9/9
  3069 | D:5      | Reached skill level 5 in Unarmed Combat
  3372 | D:5      | Reached skill level 5 in Shapeshifting
  3552 | D:5      | Reached skill level 4 in Invocations
  3920 | D:5      | Noticed Menkaure
  3924 | D:5      | Killed Menkaure
  3925 | D:5      | Reached XP level 8. HP: 29/50 MP: 11/11
  4283 | D:6      | Reached skill level 5 in Invocations
  4318 | D:6      | Reached skill level 6 in Unarmed Combat
  4385 | D:6      | Reached **** piety under Makhleb
  4591 | D:3      | Killed Grinder
  4592 | D:3      | Reached skill level 6 in Invocations
  4592 | D:3      | Reached skill level 6 in Shapeshifting
  4670 | D:2      | Killed Sigmund
  4671 | D:2      | Reached XP level 9. HP: 54/54 MP: 13/13
  4779 | D:6      | Reached skill level 7 in Unarmed Combat
  4872 | D:6      | Found Goemymow's Antique Weapon Shoppe.
  5410 | D:7      | Identified 2 scrolls of acquirement
  5411 | D:7      | Acquired a manual of Throwing
  5413 | D:7      | Acquired the ring "Footoh Lasm" {Drain rPois rF+ Str-3
                  | Int+9}
  5487 | D:7      | Reached skill level 7 in Invocations
  6233 | D:7      | Found a staircase to the Ecumenical Temple.
  6270 | D:7      | Reached skill level 7 in Shapeshifting
  6282 | D:7      | You fall into a shaft and drop 3 floors!
  6282 | D:10     | Entered Level 10 of the Dungeon
  6301 | D:10     | Noticed a troll
  6389 | D:8      | Reached skill level 8 in Unarmed Combat
  6393 | D:8      | Noticed a centaur warrior
  6418 | D:8      | Noticed a deep elf pyromancer
  6827 | D:8      | HP: 4/42 [wight/+3 falchion (5)]
  6950 | D:8      | Reached skill level 8 in Invocations
  7141 | D:8      | Reached XP level 10. HP: 46/60 MP: 16/16
  7155 | D:8      | Killed from afar by a rime drake

Vanquished Creatures
  Grinder (D:3)
  Sigmund (D:2)
  A vampire (D:8)
  Menkaure (D:5)
  A water moccasin (D:7)
  An orc warrior (D:7)
  3 ice beasts
  3 black bears
  2 ogres
  A wolf (D:8)
  A centaur (D:5)
  5 bullfrogs
  2 scorpions
  4 wights (D:8)
  A killer bee (D:9)
  A howler monkey (D:5)
  3 hounds
  2 jellies
  A gnoll bouda (D:7)
  A sleepcap (D:6)
  4 iguanas (D:5)
  Terence (D:2)
  5 orc wizards
  5 adders
  4 gnolls (D:7)
  2 shadow imps
  3 white imps
  3 worms
  2 dart slugs
  32 orcs
  7 ball pythons
  2 bats
  10 endoplasms
  4 giant cockroaches
  4 goblins
  9 hobgoblins
  16 jackals
  2 quokkas
  A frilled lizard (D:2)
  4 kobolds
  8 rats
164 creatures vanquished.

Vanquished Creatures (collateral kills)
  An orc warrior (D:6)
  2 wights (D:8)
  A jelly (D:6)
  An orc priest (D:6)
  An orc (D:6)
6 creatures vanquished.

Grand Total: 170 creatures vanquished

Table legend: (Time is in decaauts)
 A = Elapsed time spent in this place.
 B = Non-inter-level travel time spent in this place.
 C = Inter-level travel time spent in this place.
 D = Time resting spent in this place.
 E = Time spent auto-exploring this place.
 F = Levels seen in this place.
 G = Mean time per level.
                   A        B        C        D        E       F      G
               +--------+--------+--------+--------+--------+-----+--------+
         Total |   7134 |   6536 |    598 |    430 |   4580 |  10 |  713.4 |
       Dungeon |   7134 |   6536 |    598 |    430 |   4580 |  10 |  713.4 |
               +--------+--------+--------+--------+--------+-----+--------+

Top non-repeatable levels by time:
     D:5: 1592 daAuts
     D:7: 1189 daAuts
     D:3: 1180 daAuts
     D:1: 813 daAuts
     D:6: 750 daAuts
     D:4: 636 daAuts
     D:8: 479 daAuts
     D:2: 401 daAuts
    D:10: 66 daAuts
     D:9: 23 daAuts

Table legend:
 A = Non-vault XP
 B = Vault XP
 C = Vault XP percentage of total XP
 D = Non-vault monster count
 E = Vault monster count
 F = Vault count percentage of total count
                 A         B        C        D         E       F
            +---------+---------+-------+---------+---------+-------
      Total |    3450 |    1429 |  29.3 |     157 |      13 |   7.6
            +---------+---------+-------+---------+---------+-------
        D:1 |      31 |       0 |   0.0 |      17 |       0 |   0.0
        D:2 |      84 |     262 |  75.7 |      16 |       2 |  11.1
        D:3 |      89 |     274 |  75.5 |      28 |       2 |   6.7
        D:4 |     440 |       0 |   0.0 |      21 |       0 |   0.0
        D:5 |     486 |     297 |  37.9 |      17 |       3 |  15.0
        D:6 |     785 |       0 |   0.0 |      31 |       0 |   0.0
        D:7 |     924 |       0 |   0.0 |      17 |       0 |   0.0
        D:8 |     548 |     596 |  52.1 |       9 |       6 |  40.0
        D:9 |      63 |       0 |   0.0 |       1 |       0 |   0.0
            +---------+---------+-------+---------+---------+-------
